 Dungeon Crawl Stone Soup version 0.19.4 (console) character file.

7296 itsmu the Destroyer (level 11, -3/78 HPs)
             Began as a Formicid Conjurer on Feb 1, 2017.
             Was an Elder of Hepliaklqana.
             Slain by a spiny frog (20 damage)
             ... on level 2 of the Lair of Beasts.
             The game lasted 00:44:19 (13548 turns).

itsmu the Destroyer (Formicid Conjurer)            Turns: 13548, Time: 00:44:20

Health: -3/78      AC:  4    Str: 14    XL:     11   Next: 34%
Magic:  12/23      EV: 12    Int: 17    God:    Hepliaklqana [****..]
Gold:   488        SH:  0    Dex: 11    Spells: 5 memorised, 11 levels left

rFire  . . .     SeeInvis +     a - +0 dagger (venom)
rCold  . . .     Gourm    .     g - +1 robe
rNeg   . . .     Faith    .     (no shield)
rPois  .         Spirit   .     (helmet unavailable)
rElec  .         Reflect  .     (no cloak)
rCorr  .         Harm     .     m - +0 pair of gloves
MR     +....                    (no boots)
Stlth  ++........               (no amulet)
                                (no ring)
                                k - ring of flight

@: lethally poisoned (-3 -> -8)
A: permanent stasis, dig shafts and tunnels, four strong arms, reduced essence,
antennae 3
a: Dig, Shaft Self, Recall Ancestor, Ancestor Identity, Transference, Idealise,
Renounce Religion, Evoke Flight


You were on level 2 of the Lair of Beasts.
You worshipped Hepliaklqana.
Hepliaklqana was greatly pleased with you.
You were not hungry.

You visited 3 branches of the dungeon, and saw 13 of its levels.

You collected 488 gold pieces.

Inventory:

Hand Weapons
 a - a +0 dagger of venom (weapon)
   (You took it off a kobold on level 1 of the Dungeon)
 A - a +1 dagger of draining
   (You took it off an orc wizard on level 7 of the Dungeon)
 C - the cursed +3 war axe of Poepiylob {venom, MR+ SInv, unknown}
   (You found it on level 5 of the Dungeon)

   It poisons the flesh of those it strikes.
   It affects your resistance to hostile enchantments.
   It lets you see invisible.
   It has a curse placed upon it.
Missiles
 E - 2 curare-tipped needles
Armour
 g - a +1 robe (worn)
 m - a +0 pair of gloves (worn)
   (You found it on level 4 of the Dungeon)
 s - the cursed +1 ring mail of Responsibility {-Tele +Fly rElec Regen+, unknown}
   (You found it on level 2 of the Lair of Beasts)

   It insulates you from electricity.
   It lets you fly.
   It prevents most forms of teleportation.
   It increases your rate of regeneration.
   It has a curse placed upon it.
 J - the +4 ring mail of the Ego {+Blink +Inv Int-2 Dex+2, unknown}
   (You found it on level 9 of the Dungeon)

   It affects your intelligence (-2).
   It affects your dexterity (+2).
   It lets you turn invisible.
   It lets you blink.
Jewellery
 k - a ring of flight (left hand)
   (You found it on level 2 of the Dungeon)
 z - an uncursed ring of protection from cold {unknown}
   (You found it on level 5 of the Dungeon)
Wands
 d - a wand of iceblast (8/15)
   (You found it on level 1 of the Lair of Beasts)
 f - a wand of flame (19/48)
   (You found it on level 9 of the Dungeon)
 n - a wand of flame (19/48)
   (You found it on level 1 of the Lair of Beasts)
 v - a wand of flame (23/48)
   (You found it on level 4 of the Dungeon)
Scrolls
 o - 5 scrolls of amnesia
 q - 2 scrolls of fog
 B - 2 scrolls of immolation
 H - a scroll of enchant armour
Potions
 i - a potion of resistance
 j - 4 potions of brilliance
 l - a potion of lignification {unknown}
 r - 6 potions of curing
 t - 2 potions of might
 u - 2 potions of degeneration {unknown}
 w - 3 potions of cancellation
 D - a potion of heal wounds
 F - 3 potions of flight
Books
 b - a book of Conjurations

   Spells                             Type                      Level
   a - Magic Dart                     Conjuration                  1
   b - Searing Ray                    Conjuration                  2
   c - Dazzling Spray                 Conjuration/Hexes            3
   d - Fulminant Prism                Conjuration/Hexes            4
   e - Iskenderun's Mystic Blast      Conjuration                  4
   f - Iskenderun's Battlesphere      Conjuration/Charms           5
 e - Sif Muna's Almanac of Conjuration
   (You found it on level 5 of the Dungeon)

   Spells                             Type                      Level
   a - Shock                          Conjuration/Air              1
Comestibles
 c - 7 bread rations
 h - 3 meat rations
 p - 4 fruits
 x - a royal jelly
 G - 12 chunks of flesh


   Skills:
 + Level 8.5 Fighting
 - Level 1.7 Dodging
 - Level 2.4 Stealth
 + Level 8.3 Spellcasting
 * Level 10.9 Conjurations
 - Level 4.3 Hexes
 * Level 3.8 Charms


You had 11 spell levels left.
You knew the following spells:

 Your Spells              Type           Power        Failure   Level  Hunger
a - Magic Dart            Conj           ####         1%          1    None
b - Searing Ray           Conj           #####.       1%          2    None
c - Dazzling Spray        Conj/Hex       ####..       1%          3    #......
d - Iskenderun's Mystic   Conj           #####...     1%          4    ###....
e - Iskenderun's Battles  Conj/Chrm      ####....     17%         5    #####..


Dungeon Overview and Level Annotations

Branches:
Dungeon (10/15)            Temple (1/1) D:4            Lair (2/6) D:10
  Swamp: Lair:2-4    Shoals: Lair:2-4     Snake: Lair:2-4    Spider: Lair:2-4
    Orc: D:9-12

Altars:
Ashenzari
Cheibriados
Dithmenos
Elyvilon
Fedhas
Gozag
Hepliaklqana
Kikubaaqudgha
Makhleb
Nemelex Xobeh
Okawaru
Qazlal
Ru
Sif Muna
Trog
Uskayaw
Vehumet
Xom
Yredelemnul
The Shining One

Shops:
D:6 [   D:8 *   D:10 %

Annotations:
D:6 ghost! mystic blast, itsmu's ghost, novice FoCj
D:7 Azzok's ghost, novice HuCj
D:8 Maurice
D:9 Joseph
D:10 Erica


Innate Abilities, Weirdness & Mutations

You are under a permanent stasis effect.
You can dig through walls and to a lower floor.
Your four strong arms can wield two-handed weapons with a shield.
You have a pair of large antennae on your head. (SInv)
Your life essence is reduced. (-10% HP)


Message History

The spiny frog resists with some effort.
Casting: Magic Dart
Confirm with . or Enter, or press ? or * to list all spells.
Aiming: Magic Dart
Press: ? - help, Shift-Dir - straight line, f/p - spiny frog
Aim: a spiny frog (severely wounded)
The magic dart hits the spiny frog.
The spiny frog is almost dead.
You feel sick. The spiny frog stings you!!
* * * LOW HITPOINT WARNING * * *
Ghost Dad hits the spiny frog with a dagger of draining.
Casting: Magic Dart
Confirm with . or Enter, or press ? or * to list all spells.
Aiming: Magic Dart
Press: ? - help, Shift-Dir - straight line, f/p - spiny frog
Aim: a spiny frog (almost dead)
The magic dart hits the spiny frog.
The spiny frog is almost dead.
You feel sick. The spiny frog stings you!!
You die...

......Y.......##
.......Y{{..##.##
...........{{##.##
....##.#.#..####.#
...##...#...## #.#
..#.....##...# #.#
...#.....#{.## #R#
.........#..# #F#
........##..## #a#
....... #...# ###
..#.### #...#
#..##.##...#
...........##
..........>(#
....)......##
............#
...........##


You could see the friendly Ghost Dad the hexer and a spiny frog.

Vanquished Creatures
  A troll (D:9)
  A polar bear (Lair:2)
  The ghost of shwouchk the Digger, an amateur FoEE (D:5)
  A hippogriff (Lair:2)
  A yak (D:10)
  Grum (D:8)
  A soldier ant (D:9)
  Duvessa (D:5)
  A porcupine (Lair:1)
  An ice beast (D:7)
  An orc warrior (D:7)
  2 sky beasts
  8 wolves
  An ogre (D:4)
  A phantom (D:8)
  2 centaurs
  A crocodile (Lair:2)
  5 bullfrogs
  Dowan (D:5)
  5 scorpions
  4 killer bees (D:8)
  A howler monkey (D:5)
  A crimson imp (D:10)
  A bullfrog zombie (D:6)
  A hound (D:7)
  6 orc priests
  13 orc wizards
  A bullfrog skeleton (D:7)
  3 iguanas
  6 worker ants
  The ghost of aeluma the Sneak, a weakling SpEn (D:4)
  A howler monkey skeleton (D:8)
  4 gnolls (D:7)
  5 adders
  A shadow imp (D:9)
  An ooze (D:2)
  2 dart slugs
  2 worms (D:3)
  6 leopard geckos
  28 orcs
  6 giant cockroaches
  2 goblins
  9 hobgoblins
  8 jackals
  4 quokkas
  5 bats
  11 frilled lizards
  A goblin skeleton (D:7)
  A goblin zombie (D:7)
  4 kobolds
  4 kobold skeletons (D:7)
  A kobold zombie (D:7)
  A leopard gecko zombie (D:8)
  2 orc skeletons (D:7)
  2 orc zombies (D:7)
  A quokka zombie (D:8)
  7 rats
194 creatures vanquished.

Vanquished Creatures (collateral kills)
  2 spiny frogs
  Grinder (D:4)
  A basilisk (Lair:1)
  A steam dragon (D:9)
  A hungry ghost (D:9)
  Menkaure (D:4)
  A water moccasin (Lair:1)
  A black bear (Lair:2)
  A necrophage (D:6)
  A phantom (D:8)
  A wolf (D:8)
  A water moccasin zombie (D:4)
  A scorpion (D:9)
  A howler monkey (D:5)
  3 crimson imps
  2 hounds
  A quasit (D:7)
  A bullfrog zombie (D:8)
  2 jellies
  An orc priest (D:4)
  2 orc wizards (D:4)
  A bullfrog skeleton (D:8)
  An iguana (D:5)
  A worker ant (D:8)
  2 worker ant zombies
  An adder (D:9)
  4 orcs
  A goblin (D:5)
  3 hobgoblins (D:5)
  3 jackals (D:7)
  A ball python skeleton (D:4)
  3 hobgoblin zombies (D:7)
48 creatures vanquished.

Vanquished Creatures (others)
  An ice beast (D:9)
  4 hexers
  9 ancestors
  A fungus (Lair:2)
15 creatures vanquished.

Grand Total: 257 creatures vanquished

Notes
Turn   | Place    | Note
-------+----------+-------------------------------------------
     0 | D:1      | itsmu the Formicid Conjurer began the quest for the Orb.
     0 | D:1      | Reached XP level 1. HP: 13/13 MP: 3/3
   327 | D:1      | Reached XP level 2. HP: 16/19 MP: 1/5
   377 | D:1      | Learned a level 2 spell: Searing Ray
   645 | D:1      | Reached skill level 4 in Conjurations
  1057 | D:2      | Reached XP level 3. HP: 25/25 MP: 0/6
  2111 | D:3      | Reached XP level 4. HP: 25/31 MP: 3/8
  2173 | D:3      | Found a glowing golden altar of the Shining One.
  2177 | D:3      | Reached skill level 1 in Fighting
  2656 | D:3      | fu
  2828 | D:4      | Found a staircase to the Ecumenical Temple.
  2833 | Temple   | Entered the Ecumenical Temple
  2910 | Temple   | Became a worshipper of Hepliaklqana the Forgotten
  2965 | D:4      | Found an iron altar of Okawaru.
  2965 | D:4      | Found a stormy altar of Qazlal.
  2965 | D:4      | Found an opulent altar of Gozag.
  2965 | D:4      | Found an iron altar of Okawaru.
  2980 | D:4      | Found a stormy altar of Qazlal.
  2980 | D:4      | Found an opulent altar of Gozag.
  2999 | D:4      | Reached XP level 5. HP: 11/34 MP: 2/9
  3148 | D:4      | Found a hazy altar of Hepliaklqana.
  3148 | D:4      | Found a blossoming altar of Fedhas.
  3148 | D:4      | Found a blossoming altar of Fedhas.
  3148 | D:4      | Found a snail-covered altar of Cheibriados.
  3148 | D:4      | Found a burning altar of Makhleb.
  3148 | D:4      | Found a stormy altar of Qazlal.
  3148 | D:4      | Found a radiant altar of Vehumet.
  3148 | D:4      | Found a stormy altar of Qazlal.
  3148 | D:4      | Found a shimmering altar of Xom.
  3148 | D:4      | Found a shadowy altar of Dithmenos.
  3179 | D:4      | what the hell, is this a broken vault
  3277 | D:4      | Noticed Grinder
  3296 | D:4      | Killed Grinder
  3296 | D:4      | Reached skill level 5 in Conjurations
  3296 | D:4      | Reached XP level 6. HP: 21/41 MP: 2/11
  3531 | D:4      | Noticed Menkaure
  3542 | D:4      | Killed Menkaure
  3542 | D:4      | Reached skill level 6 in Conjurations
  3542 | D:4      | Reached XP level 7. HP: 18/46 MP: 8/13
  3616 | D:4      | Noticed aeluma's ghost (weakling SpEn)
  3617 | D:4      | ugh
  3624 | D:4      | Killed aeluma's ghost
  4164 | D:4      | Reached XP level 8. HP: 29/54 MP: 4/15
  4640 | D:4      | Found a hide-covered altar of Uskayaw.
  4740 | D:5      | Entered Level 5 of the Dungeon
  4843 | D:5      | Reached skill level 7 in Conjurations
  4874 | D:5      | Reached skill level 5 in Spellcasting
  4934 | D:5      | Got an encrusted war axe
  5094 | D:5      | Noticed shwouchk's ghost (amateur FoEE)
  5356 | D:5      | Reached * piety under Hepliaklqana
  5427 | D:5      | Learned a level 3 spell: Dazzling Spray
  5432 | D:5      | Learned a level 4 spell: Iskenderun's Mystic Blast
  5457 | D:5      | Killed shwouchk's ghost
  5457 | D:5      | Reached skill level 5 in Fighting
  5457 | D:5      | Reached XP level 9. HP: 61/61 MP: 11/17
  5514 | D:5      | Noticed Dowan
  5516 | D:5      | Noticed Duvessa
  5516 | D:5      | oh god
  5585 | D:6      | Noticed itsmu's ghost (novice FoCj)
  5586 | D:6      | fffffffffffffffffuck
  5984 | D:5      | Killed Duvessa
  5984 | D:5      | Reached skill level 8 in Conjurations
  5986 | D:5      | Killed Dowan
  6130 | D:5      | Found an iron altar of Okawaru.
  6219 | D:5      | Found a deep blue altar of Sif Muna.
  6289 | D:5      | Identified Sif Muna's Almanac of Conjuration
  6291 | D:5      | great
  6619 | D:7      | Noticed Azzok's ghost (novice HuCj)
  7140 | D:6      | Found Letioco's Armour Shoppe.
  7397 | D:7      | Found a glowing golden altar of the Shining One.
  7530 | D:7      | Reached skill level 9 in Conjurations
  7931 | D:8      | Noticed Grum
  7932 | D:8      | of course
  8363 | D:8      | Learned a level 5 spell: Iskenderun's Battlesphere
  8690 | D:8      | Reached skill level 1 in Hexes
  8734 | D:8      | Reached XP level 10. HP: 40/69 MP: 12/20
  8744 | D:8      | Killed Grum
  8882 | D:8      | Found Lirhodick's Elemental Accessories.
  8885 | D:8      | Noticed Maurice
  8891 | D:8      | Reached ** piety under Hepliaklqana
  8892 | D:8      | Remembered your ancestor Ghost Dad as a hexer
  9919 | D:9      | Found a shadowy altar of Dithmenos.
 10198 | D:9      | Noticed Joseph
 10275 | D:9      | Reached skill level 10 in Conjurations
 10897 | D:9      | Found a stormy altar of Qazlal.
 10905 | D:9      | Found a sacrificial altar of Ru.
 10914 | D:9      | Got a dazzling ring mail
 11043 | D:10     | Entered Level 10 of the Dungeon
 11043 | D:10     | Found Dies's Food Shop.
 11325 | D:10     | Noticed Erica
 11448 | D:9      | Reached skill level 1 in Charms
 11543 | D:10     | Reached *** piety under Hepliaklqana
 11616 | D:10     | Found a staircase to the Lair.
 11759 | Lair:1   | Entered Level 1 of the Lair of Beasts
 11989 | Lair:1   | Reached XP level 11. HP: 66/77 MP: 1/22
 12341 | Lair:1   | Identified a scroll of acquirement
 12343 | Lair:1   | pfft
 13281 | Lair:2   | Got a shimmering ring mail
 13302 | Lair:2   | Reached **** piety under Hepliaklqana
 13478 | Lair:2   | Noticed an elephant
 13531 | Lair:2   | Noticed an elephant
 13533 | Lair:2   | Noticed an elephant
 13548 | Lair:2   | Slain by a spiny frog

Skill      XL: |  1  2  3  4  5  6  7  8  9 10 11 |
---------------+----------------------------------+-----
Conjurations   | 4 5 6 7 9 10 | 10.9
Fighting       | 1 2 3 4 5 6 8 |  8.5
Spellcasting   | 3 4 5 6 7 8 |  8.3
Hexes          | 1 4 |  4.3
Charms         | 1 3 |  3.8
Dodging        | |  1.7
Stealth        | |  2.4

Action                   |  1- 3 |  4- 6 |  7- 9 | 10-12 || total
-------------------------+-------+-------+-------+-------++-------
Melee: Unarmed           |     3 |       |       |       ||     3
       Dagger            |    12 |    15 |    49 |    20 ||    96
 Cast: Magic Dart        |    69 |    47 |   211 |   132 ||   459
       Searing Ray       |     3 |     4 |    16 |    24 ||    47
       Iskenderun's Myst |       |       |    19 |    31 ||    50
       Dazzling Spray    |       |       |       |     1 ||     1
Invok: Ancestor Identity |       |     1 |       |       ||     1
       Recall Ancestor   |       |       |     2 |     1 ||     3
       Ancestor Life: He |       |       |       |     1 ||     1
 Abil: Dig               |     1 |       |    13 |     7 ||    21
Evoke: Wand              |       |       |     8 |       ||     8
  Use: Scroll            |     6 |     1 |     9 |     9 ||    25
       Potion            |       |       |     1 |     1 ||     2
  Eat: Chunk             |     5 |     5 |    12 |     4 ||    26
       Beef jerky        |       |       |     3 |       ||     3
       Pizza             |       |       |     2 |       ||     2
       Bread ration      |       |       |     1 |       ||     1
       Meat ration       |       |       |       |     3 ||     3
Armor: Robe              |     4 |     4 |    28 |    19 ||    55
Dodge: Dodged            |    20 |     9 |    99 |    61 ||   189
